 Dungeon Crawl Stone Soup version 0.23-a0-38-g6d804a8 (webtiles) character file.

7793 inc the Thaumaturge (level 11, 0/80 HPs)
             Began as a Mummy Fire Elementalist on Aug 5, 2018.
             Was an Initiate of Gozag.
             Slain by a wraith (14 damage)
             ... on level 10 of the Dungeon.
             The game lasted 00:21:01 (11274 turns).

inc the Thaumaturge (Mummy Fire Elementalist)      Turns: 11274, Time: 00:21:03

Health: 0/80       AC: 10    Str: 15    XL:     11   Next: 1%
Magic:  11/25      EV: 14    Int: 22    God:    Gozag
Gold:   461        SH:  0    Dex: 13    Spells: 15/31 levels left

rFire    . . .     SeeInvis .   q - +2 dagger (freeze)
rCold    . . .     Gourm    .   (no shield)
rNeg     + + +     Faith    .   C - +2 robe {MR+}
rPois    ∞         Spirit   .   H - +1 helmet of Forking Paths {rElec Str+4 Int+4}
rElec    +         Reflect  .   s - +0 cloak
rCorr    .         Harm     +   i - +1 pair of gloves
MR       +++..                  h - +0 pair of boots
Stlth    ++........             k - amulet of harm
HPRegen  0.23/turn              g - ring of fire
MPRegen  0.19/turn              v - ring of protection from magic

@: slowed, very slow
A: no food or potions, fire vulnerability, cold resistance 1, negative energy
resistance 3, torment resistance, unbreathing
a: Potion Petition, Call Merchant, Bribe Branch, Renounce Religion


You were on level 10 of the Dungeon.
You worshipped Gozag.
Gozag was aware of your devotion.
You were not hungry.

You visited 2 branches of the dungeon, and saw 11 of its levels.
You also visited: Ossuary.

You collected 1088 gold pieces.
You spent 483 gold pieces at shops.
You paid 144 gold pieces to Gozag.

Inventory:

Hand Weapons
 c - a +0 dagger
 d - a +0 short sword
 q - a +2 dagger of freezing (weapon)
 x - a +1 falchion of slicing
 z - a +0 dagger of pain
 B - a +0 dagger of venom
Armour
 a - a +0 robe
 h - a +0 pair of boots (worn)
 i - a +1 pair of gloves (worn)
 m - a scarf of spirit shield
 s - a +0 cloak (worn)
 C - a +2 robe of magic resistance (worn)
 H - the +1 helmet of Forking Paths (worn) {rElec Str+4 Int+4}
   (You bought it in a shop on level 9 of the Dungeon)

   It affects your strength (+4).
   It affects your intelligence (+4).
   It insulates you from electricity.
Jewellery
 g - a ring of fire (left hand)
 k - an amulet of harm (around neck)
 r - a +5 ring of strength
 v - a ring of protection from magic (right hand)
 A - a cursed -2 ring of evasion {unknown}
Wands
 D - a wand of iceblast (7)
 F - a wand of paralysis (13)
 G - a wand of acid (16)
Scrolls
 b - 3 scrolls of identify
 e - 6 scrolls of teleportation
 f - 2 scrolls of fear {unknown}
 j - 3 scrolls of enchant weapon
 l - 6 scrolls of remove curse
 n - 2 scrolls of fog
 o - 4 scrolls of magic mapping
 p - 3 scrolls of immolation
 t - a scroll of brand weapon
 u - 3 scrolls of amnesia {unknown}
 w - a scroll of random uselessness {unknown}
 y - a scroll of blinking {unknown}
 E - a scroll of enchant armour


   Skills:
 + Level 5.2 Fighting
 + Level 4.7 Dodging
 - Level 1.5 Stealth
 - Level 10.5 Spellcasting
 - Level 7.8 Conjurations
 - Level 7.6 Fire Magic


You had 15 spell levels left.
You knew the following spells:

 Your Spells              Type           Power        Failure   Level  Hunger
a - Flame Tongue          Conj/Fire      #####        1%          1    N/A
b - Conjure Flame         Conj/Fire      ######..     1%          3    N/A
c - Sticky Flame          Conj/Fire      ######..     2%          4    N/A
d - Inner Flame           Hex/Fire       #####...     3%          3    N/A
f - Fireball              Conj/Fire      ######....   7%          5    N/A

Your spell library contained the following spells:

 Spells                   Type           Power        Failure   Level  Hunger
 Cause Fear               Hex            ##........   50%         4    N/A
 Slow                     Hex            ##......     9%          2    N/A
 Throw Flame              Conj/Fire      ######       1%          2    N/A
 Summon Small Mammal      Summ           ##..         6%          1    N/A
 Summon Ice Beast         Ice/Summ       ##......     50%         4    N/A
 Call Imp                 Summ           ##......     9%          2    N/A
 Call Canine Familiar     Summ           ##......     17%         3    N/A
 Corona                   Hex            ##.....      6%          1    N/A
 Portal Projectile        Hex/Tloc       ##....       17%         3    N/A
 Leda's Liquefaction      Hex/Erth       ##........   50%         4    N/A
 Summon Lightning Spire   Summ/Air       ##......     50%         4    N/A
 Summon Guardian Golem    Hex/Summ       ##......     17%         3    N/A

Dungeon Overview and Level Annotations

Branches:
Dungeon (10/15)            Temple (1/1) D:7            Lair (0/6) D:10
    Orc: D:9-12

Altars:
Ashenzari
Cheibriados
Fedhas
Gozag
Hepliaklqana
Kikubaaqudgha
Nemelex Xobeh
Okawaru
Qazlal
Ru
Sif Muna
Uskayaw
Vehumet
Wu Jian
Xom
Yredelemnul
Zin
The Shining One

Shops:
D:9 [

Annotations:
D:3 1 runed door, casual's ghost, amateur DgGl
D:7 1 runed door, biddum's ghost, novice HOFi


Innate Abilities, Weirdness & Mutations

You do not eat or drink.
Your flesh is vulnerable to fire.
You are immune to poison.
Your flesh is cold resistant. (rC+)
You are immune to negative energy. (rN+++)
You are immune to unholy pain and torment.
You can survive without breathing.


Message History

Confirm with . or Enter, or press ? or * to list all spells.
Aiming: Flame Tongue (safe; 1% risk of failure)
Press: ? - help, Shift-Dir - straight line, f/p - wraith
Aim: a wraith (almost destroyed)
You feel a surge of power!
The flame tongue hits the wraith.
The wraith is almost destroyed.
The wraith hits you.
* * * LOW HITPOINT WARNING * * *
The wraith drains your vigour!
You feel as though you will be slow longer.
Casting: Flame Tongue (safe; 1% risk of failure)
Confirm with . or Enter, or press ? or * to list all spells.
Aiming: Flame Tongue (safe; 1% risk of failure)
Press: ? - help, Shift-Dir - straight line, f/p - wraith
Aim: a wraith (almost destroyed)
You feel a surge of power!
The flame tongue hits the wraith.
The wraith is almost destroyed.
The wraith hits you!
You die...
Your body crumbles into a pile of gold.

################
###
#......#...<...#
#..
#.####.#.#####@##.#
#......#.#####W#.#
#..#.....##......#
#..#.#...##.##.#.#
#....#.........##.#
#......#########
... #. ##.###.#
.####.#
#.....######## ..
..# #.#####.......#
## #.#


You could see a wraith.

Vanquished Creatures
  A tengu warrior (D:10)
  Nergalle (D:10)
  An unseen horror (D:10)
  A tengu conjurer (D:10)
  A komodo dragon (D:10)
  A hornet (D:8)
  Grinder (D:4)
  A hippogriff (D:8)
  Sigmund (D:6)
  A human (D:7)
  4 hogs (D:7)
  6 yaks (D:8)
  A hungry ghost (D:10)
  A sky beast (D:7)
  3 orc warriors
  Purgy (D:4)
  An ice beast (D:5)
  A phantom (D:4)
  An ogre (D:4)
  3 centaurs
  A crocodile (D:9)
  A big kobold (D:9)
  5 bullfrogs
  A water moccasin zombie (Ossuary)
  5 scorpions
  2 vampire bats (D:7)
  2 howler monkeys
  2 bullfrog zombies
  3 crimson imps
  3 orc priests
  5 hounds
  2 jellies (D:8)
  A bullfrog skeleton (D:8)
  Crazy Yiuf (D:4)
  A gnoll shaman (D:6)
  7 orc wizards
  7 worker ants
  A big kobold zombie (Ossuary)
  2 mummies (Ossuary)
  A hound skeleton (D:8)
  7 gnolls
  4 adders
  2 shadow imps (D:8)
  An ooze (D:1)
  2 adder skeletons
  7 adder zombies
  2 worms
  2 dart slugs
  5 leopard geckos
  22 orcs
  4 bats
  A bat skeleton (D:7)
  4 bat zombies (D:7)
  6 giant cockroaches
  4 gnoll zombies (Ossuary)
  9 hobgoblins
  6 jackals
  9 quokkas
  2 ball pythons
  5 frilled lizards
  8 goblins
  5 hobgoblin zombies (Ossuary)
  6 kobolds
  3 kobold zombies (Ossuary)
  5 orc zombies (Ossuary)
  5 rats
221 creatures vanquished.

Vanquished Creatures (others)
  A water moccasin zombie (Ossuary)
  11 plants (D:10)
  2 withered plants (D:7)
14 creatures vanquished.

Grand Total: 235 creatures vanquished

Notes
Turn   | Place    | Note
-------+----------+-------------------------------------------
     0 | D:1      | inc the Mummy Fire Elementalist began the quest for the Orb.
     0 | D:1      | Reached XP level 1. HP: 13/13 MP: 4/4
    36 | D:1      | Reached skill level 1 in Conjurations
   190 | D:1      | Reached XP level 2. HP: 19/19 MP: 2/5
   892 | D:2      | Found a hazy altar of Hepliaklqana.
   910 | D:2      | Reached XP level 3. HP: 24/24 MP: 4/7
  1818 | D:3      | Learned a level 3 spell: Conjure Flame
  2053 | D:3      | Reached skill level 3 in Spellcasting
  2053 | D:3      | Reached XP level 4. HP: 13/30 MP: 1/8
  2781 | D:4      | Noticed Grinder
  2790 | D:4      | Reached XP level 5. HP: 35/35 MP: 7/10
  2802 | D:4      | Learned a level 4 spell: Sticky Flame
  3112 | D:3      | Found a runed door.
  3119 | D:3      | Noticed casual's ghost (amateur DgGl)
  3308 | D:3      | Found an ornate altar of the Wu Jian Council.
  3363 | D:4      | Reached skill level 4 in Spellcasting
  3382 | D:4      | Noticed an ogre
  3395 | D:4      | Killed an ogre
  3395 | D:4      | Reached XP level 6. HP: 37/41 MP: 5/12
  3722 | D:4      | Noticed Purgy
  3729 | D:4      | Killed Purgy
  3729 | D:4      | Reached skill level 5 in Spellcasting
  3864 | D:4      | Found a hide-covered altar of Uskayaw.
  3876 | D:4      | Reached XP level 7. HP: 44/46 MP: 10/14
  3943 | D:4      | Learned a level 3 spell: Inner Flame
  4073 | D:4      | Killed Grinder
  4239 | D:4      | Found a runed door.
  4289 | D:4      | Noticed Crazy Yiuf
  4295 | D:4      | Killed Crazy Yiuf
  4400 | D:5      | Entered Level 5 of the Dungeon
  4406 | D:5      | Found a glowing golden altar of the Shining One.
  4483 | D:5      | Reached skill level 6 in Spellcasting
  4618 | D:5      | Found a sand-covered staircase.
  4634 | Ossuary  | Entered an ossuary
  4671 | Ossuary  | Reached skill level 5 in Conjurations
  4950 | Ossuary  | Reached XP level 8. HP: 31/52 MP: 1/17
  5412 | D:5      | Found a sacrificial altar of Ru.
  5554 | D:5      | Found a blossoming altar of Fedhas.
  5892 | D:6      | Noticed Sigmund
  5925 | D:6      | Killed Sigmund
  5925 | D:6      | Reached skill level 7 in Spellcasting
  5925 | D:6      | Reached skill level 5 in Fire Magic
  6127 | D:6      | Found a basalt altar of Yredelemnul.
  6129 | D:6      | Found a sparkling altar of Nemelex Xobeh.
  6845 | D:6      | Found a shattered altar of Ashenzari.
  7014 | D:7      | Found a sparkling altar of Nemelex Xobeh.
  7023 | D:7      | Reached skill level 8 in Spellcasting
  7158 | D:7      | dig
  7175 | D:7      | Reached XP level 9. HP: 55/57 MP: 11/21
  7287 | D:7      | Found a runed door.
  7287 | D:7      | Noticed biddum's ghost (novice HOFi)
  7334 | D:7      | Found an ancient bone altar of Kikubaaqudgha.
  7575 | D:7      | Reached skill level 9 in Spellcasting
  7711 | D:7      | Found a glowing silver altar of Zin.
  8017 | D:7      | Found a staircase to the Ecumenical Temple.
  8022 | Temple   | Entered the Ecumenical Temple
  8043 | Temple   | Became a worshipper of Gozag Ym Sagoz the Greedy
  9087 | D:8      | Reached skill level 10 in Spellcasting
  9087 | D:8      | Reached XP level 10. HP: 63/63 MP: 18/24
  9925 | D:9      | Learned a level 5 spell: Fireball
 10146 | D:9      | Found Bamiur's Armour Shoppe.
 10152 | D:9      | Bought the +1 helmet of Forking Paths {rElec Str+4 Int+4} for 483 gold pieces
 10457 | D:10     | Entered Level 10 of the Dungeon
 10495 | D:10     | Reached skill level 1 in Fighting
 10497 | D:10     | Noticed a tengu warrior
 10511 | D:10     | Killed a tengu warrior
 10681 | D:10     | Noticed an unseen horror
 10682 | D:10     | Killed an unseen horror
 10834 | D:10     | Noticed Nergalle
 10849 | D:10     | Killed Nergalle
 11031 | D:10     | Reached skill level 5 in Fighting
 11031 | D:10     | Reached XP level 11. HP: 79/79 MP: 0/25
 11166 | D:10     | Found a staircase to the Lair.
 11274 | D:10     | Slain by a wraith

Vault maps used:
D:1:      doesnt_arrival_eight_statues, minmay_misc_feat_room
D:2:      lemuel_crystal_altar
D:3:      lemuel_coloured_pillars_altar, ebering_ghost_inner_flame
D:4:      eat_drink_and_be_merry_uskayaw, uniq_purgy, uniq_grinder,
          uniq_crazy_yiuf_cottage
D:5:      lemuel_round_altar, fedhas_altar_4, first_ration,
          nicolae_ossuary_entry_plus, minivault_1, nicolae_ru_path_of_blood
D:6:      ashenzari_altar_1, gammafunk_temple_overflow_pools, uniq_sigmund
D:7:      kennysheep_vampire_church, lemuel_doored_altar, temple_doors_ab,
          basic_altar, gammafunk_ghost_grave, grunt_livestock,
          due_unseen_surprise
D:9:      serial_shops, kennysheep_little_box
D:10:     david_lair_shrubbed, uniq_nergalle
Temple:   hc_temple_tempest_star
Ossuary:  ossuary_tomb_2

Skill      XL: |  1  2  3  4  5  6  7  8  9 10 |
---------------+-------------------------------+-----
Conjurations   | 1 2 3 4 5 6 7 |  7.8
Spellcasting   | 3 4 5 6 8 10 | 10.5
Fire Magic     | 3 4 5 7 |  7.6
Fighting       | 5 |  5.2
Dodging        | 4 |  4.7
Stealth        | |  1.5

Action                   |  1- 3 |  4- 6 |  7- 9 | 10-12 || total
-------------------------+-------+-------+-------+-------++-------
Melee: Short sword       |    11 |     1 |       |       ||    12
       Dagger            |       |       |   122 |    21 ||   143
       Falchion          |       |       |    30 |       ||    30
 Cast: Flame Tongue      |    75 |    75 |   265 |   125 ||   540
       Sticky Flame      |       |     1 |     9 |     9 ||    19
       Conjure Flame     |       |     1 |    15 |     2 ||    18
       Inner Flame       |       |       |     3 |       ||     3
       Fireball          |       |       |       |     1 ||     1
Evoke: Wand              |       |       |    30 |       ||    30
  Use: Scroll            |       |     1 |     7 |     1 ||     9
Armor: Robe              |     3 |    10 |    72 |    24 ||   109
Dodge: Dodged            |    21 |    16 |   135 |    45 ||   217
       Rpst.: Falchion   |       |       |     4 |       ||     4

Table legend:
 A = Spawn XP
 B = Non-spawn XP
 C = Spawn XP percentage of total XP
 D = Spawn monster count
 E = Non-spawn monster count
 F = Spawn count percentage of total count
 G = Total turns spent on level
                    A         B        C        D         E        F      G
               +---------+---------+-------+---------+---------+-------+---------
         Total |       0 |   11134 |   0.0 |       0 |     222 |   0.0 | 11274
               +---------+---------+-------+---------+---------+-------+---------
           D:1 |       0 |      38 |   0.0 |       0 |      19 |   0.0 |   786
           D:2 |       0 |      30 |   0.0 |       0 |      10 |   0.0 |  1087
           D:3 |       0 |     162 |   0.0 |       0 |      30 |   0.0 |  1298
           D:4 |       0 |     855 |   0.0 |       0 |      19 |   0.0 |  1229
           D:5 |       0 |     305 |   0.0 |       0 |       8 |   0.0 |   568
           D:6 |       0 |     905 |   0.0 |       0 |      22 |   0.0 |  1345
           D:7 |       0 |    1584 |   0.0 |       0 |      24 |   0.0 |  1131
           D:8 |       0 |    2692 |   0.0 |       0 |      37 |   0.0 |  1454
           D:9 |       0 |     452 |   0.0 |       0 |      11 |   0.0 |   848
          D:10 |       0 |    3839 |   0.0 |       0 |      14 |   0.0 |   817
       Ossuary |       0 |     272 |   0.0 |       0 |      28 |   0.0 |   673
               +---------+---------+-------+---------+---------+-------+---------
